[Event "44th Chess Olympiad Open 2022"]
[Site "Chennai"]
[Date "2022.08.07"]
[Round "9.18"]
[White "Tari, Aryan"]
[Black "Priasmoro, Novendra"]
[Result "1/2-1/2"]
[WhiteElo "2672"]
[BlackElo "2494"]
[Annotator "TA"]
[PlyCount "100"]
[EventDate "2022.??.??"]
[TimeControl "60"]

1. e4 e5 2. Nf3 Nc6 3. Bc4 Nf6 4. d3 Bc5 5. c3 d6 6. O-O O-O 7. Re1 a5 {[%emt 0:05:56] C54: Giuoco Piano: 4 c3 Nf6, main lines with 5 d4
and 5 d3.} 8. h3 h6 9. d4 Ba7 10. Bb3 Re8 11. Bc2 exd4 12. cxd4 Nb4 $1 13. Nc3 Nxc2 14. Qxc2 c6 {[%emt 0:00:31] [#]} 15. Bd2 $146 ({
Predecessor:} 15. a4 Be6 16. Bf4 d5 17. e5 Ne4 18. Nxe4 dxe4 19. Qxe4 Bd5 20.
Qd3 Bxf3 21. Qxf3 Qxd4 {0-1 (43) Amin,B (2680)-Sargsyan,S (2628) Warsaw 2021})
15... Be6 16. Be3 Qd7 17.
Rad1 b5 18. Nd2 Re7 19. Ne2 Rae8 (19... Bxa2 20.
b3 $16) 20. Rc1 c5 (20... Bxa2
21. b3 Bxb3 22. Nxb3 $16 (22. Qxb3 Nxe4 23. Nxe4 Rxe4 $14)) 21. b3 Bxh3 22. gxh3 Qxh3 23.
Nf4 $2 (23. dxc5 $11 Ng4 24. Nf4 (24. Nf1 Nxe3 25. fxe3 Rxe4
$11) 24... Qh2+ 25. Kf1) 23... Qg4+ $19 24. Ng2 cxd4 25. Bf4 {[%emt 0:00:11] [#]} Nd5 $2 26. Bxd6 $11 {[%emt 0:04:49] And now Qc6 would win.} Re6 27. Qd3 Nc3 28. Bg3 h5 29. e5 {[%emt 0:02:52] Strongly threatening Ne4.} Rg6 $2 (29... Bb6 $1 $11) 30. Nf3 Nxa2 (30... a4 $142 31. Rc2 axb3 32. axb3 Nd5) 31. Rc7 $18 (
31. Qxb5 Rb8 32. Qd3 (32. Qxa5 Nxc1 33. Qxa7 Rc8 $11) 32... Nxc1 33. Rxc1 Rd8
$11) 31... Nb4 $2 (31... Bb6) 32. Qxb5 Rb8 {
[%emt 0:00:16] [#]} 33. Qd7 Qxf3 34. Rxa7 $2 (34. e6 Kh7 35. Qxf7 (35. Rxa7 Nd3 $16) 35... Qxf7 36. exf7 (
36. Rxf7 Ra8 $16)) 34... Nd3 {[%emt 0:00:05] [#]} 35. Qc7 $2 (
{Worse is} 35. Qxd4 Nxe1 36. Nxe1 Qxb3 $17) ({Only move:} 35. e6 $1 $18 Kh7 36. Rf1 (36. Qxd4 Rb4 $17)) 35... Rf8 $36 {[%emt 0:01:33]
Black has the initiative.} 36. Rf1 Nxf2 {[%emt 0:01:07] Remove Defender} 37. Rxf2 Qxg3 38. e6 {[%emt 0:02:43][%cal Rc7f7] Black must now prevent
Qxf7+! Dancing on a razor blade.} Qxc7 39. Rxc7 fxe6 40. Rd2 Rb8 41. Rxd4 Rxb3 42. Rd8+ Kh7 43. Rc5 {[%emt 0:00:29][%csl Ya5,Yh5] The position
is equal.} Rg4 44. Rxh5+ Kg6 45. Rh4 ({Wrong is} 45. Rxa5 $2 Rb2 46. Rf8 Rgxg2+ 47. Kf1 Rh2
$19) 45... Rxh4 46. Nxh4+ Kg5 47. Ng2 a4 48. Ra8 a3 49. Kf2 e5 50. Ra4 g6 {[%emt 0:03:33] What a bad dream for Black. Weighted Error Value:
White=0.32/Black=0.30} 1/2-1/2

[Event "44th Chess Olympiad Open 2022"]
[Site "Chennai"]
[Date "2022.08.07"]
[Round "9.18"]
[White "Urkedal, Frode Olav Olsen"]
[Black "Ervan, Mohamad"]
[Result "1-0"]
[WhiteElo "2555"]
[BlackElo "2402"]
[Annotator "TA"]
[PlyCount "113"]
[EventDate "2022.??.??"]
[TimeControl "60"]

1. d4 Nf6 2. c4 e6 3. Nf3 b6 4. g3 Bb4+ 5. Bd2 c5 6. Bg2 Bb7 7. Bxb4 cxb4 8. O-O O-O 9. Qd3 d6 10. Nbd2 a5 {[%emt 0:15:29] E16: Queen's
Indian: 4 g3 Bb7 5 Bg2 Bb4+.} 11. Rfd1 Qc7 {[%emt 0:02:33] [#]
} 12. e4 $146 ({Predecessor:} 12. Ne1 Bxg2 13. Nxg2 Nc6 14.
Ne3 Ne7 15. a3 bxa3 16. bxa3 Rac8 17. Rab1 h6 18. Ne4 Nxe4 19. Qxe4 {1-0 (70)
Artemiev,V (2674)-Cordova,E (2610) Moscow 2016}) 12... Nbd7 {[%emt 0:06:29]
White is slightly better.} 13. Ne1 Rfd8 14. Nc2 Rab8 15. a3 bxa3 16. Nxa3 Nf8 17. Nb5 Qe7 18. Nf1 Ba6 19. Ne3 g6 {[%emt 0:
04:55] [#]} 20. Nxd6 $1 Qxd6 21. e5 Qb4 22. exf6 {[%emt 0:00:00] Hoping for
d5.} Nd7 {[%emt 0:00:24] [#]} 23. d5 $1 $36 {[%emt 0:16:26] dxe6 is the strong
threat. Keeping Black busy.} e5 24. Qa3 ({
Better is} 24. Qe4 $16) 24... Qxa3 $14 25. Rxa3 {[%emt 0:04:
12] And now b4 would win.} Bb7 (25... Bc8 $14) 26. b4 (26. Ng4 {looks sharper.} h5 27. Nh6+ Kf8 28. g4) 26... axb4 27. Rb3 {[%emt 0:00:05] 0x0.0002d9e25533dp-1022s more active
pieces.} Ba6 28. Ra1 b5 29.
Rxb4 (29. Rxa6 Nc5 30. Ra7 (30. Rxb4 Nxa6 31. Rxb5 Rxb5 $15)
30... Nxb3 $15) 29... bxc4 30. Rxb8 Nxb8 31. Ng4 c3 32. Nxe5 h5 (32... Bb5 $16 33. Rc1 Rc8) 33. Rc1 $18 Nd7 34. Nxd7 Rxd7 35. Rxc3 {[%emt 0:00:07] Endgame KRB-KRB} Bb7 36. Rc5 {
[%emt 0:01:19] Threatens to win with Rb5.} Rd6 37. f4 Rxf6 38. Rb5 Ba6 {[%emt 0:00:
18] [#]} 39. Rb8+ Kg7 40. Kf2 g5 41. Ke3 gxf4+ 42. gxf4 Bc4 43. Rb4 Ba6 44. Rb8 {[%emt 0:00:00] Inhibits Bc8.} Bc4 45. Rb4 Ba6 46. h4 Bc8 47. Rc4 Bd7 48. Rc7 Rd6 (48... Be8 49. Bf3 Kg6 50. Be4+ Kg7) 49. Kd4 {[%emt 0:00:00]
aiming for Ke5.} Bg4 50. Ke5 Ra6 51. f5 Ra2 52. Be4 (52. f6+ $142 Kf8 53. Be4 Ra8 54. d6 Ra5+ 55. Kf4 Ra6 56. Bc6
Kg8 57. Kg5) 52... Ra8 53. f6+ {[%emt 0:00:00] White mates.}
Kf8 54. d6 Ra5+ 55. Kf4 Rb5 56. d7 Rb8 57. Bf5 {[%emt 0:00:00] Weighted Error
Value: White=0.17 (very precise) / Black=0.38} 1-0

[Event "44th Chess Olympiad Open 2022"]
[Site "Chennai"]
[Date "2022.08.07"]
[Round "9.18"]
[White "Megaranto, Susanto"]
[Black "Carlsen, Magnus"]
[Result "0-1"]
[WhiteElo "2529"]
[BlackElo "2864"]
[Annotator "TA"]
[PlyCount "94"]
[EventDate "2022.??.??"]
[TimeControl "60"]

1.
d4 Nf6 2. Nf3 e6 3. c4 Bb4+ 4. Bd2 a5 5. a3 Bxd2+ 6. Nbxd2 d6 7. e3 {[%emt 0:04:02] E11: Bogo-Indian.}
Qe7 8. Bd3 e5 {[%emt 0:02:02] And now ...e4
would win.} 9. Qc2 {[%emt 0:00:24] The position is equal.} Nbd7 10. O-O O-O {[%emt 0:02:27] [#]} 11. b3 $146 ({Predecessor:} 11. Ne4 Nxe4 12. Bxe4 g6 13. dxe5 dxe5 14. Qc3
a4 15. Bc2 Re8 16. Nd2 Nc5 17. Ne4 {½-½ (36) Nie,X (2346)-Nguyen,N (2636)
China 2019}) 11... Re8 {[%emt 0:04:43] Threatens to win with ...e4.} 12. e4 Nf8 13. Rfe1 Bg4 14. d5 N8d7 15. h3 Bxf3 16. Nxf3 g6 17. b4 Ra7 18. Nd2 Rea8 {[%emt 0:01:21] ...
axb4 is the strong threat.} 19. Nb3 b6 20.
Qc3 axb4 21. axb4 h5 22. Rxa7 Rxa7 23. Ra1 Rxa1+ 24. Qxa1 Qd8 25. Nd2 h4 26. Be2 Kg7 27. Qa3 Nh7 28. Bg4 Ndf6 29. Bd1 Ng5 30. Qe3 Qa8 31. Kf1 (31. Be2 $5 Qa1+ 32. Bf1 $11) 31... Qa1 32. Ke1 Ngh7 33. c5 Nh5 (33... bxc5 $15 34. bxc5 Nd7) 34. g3 $2 {[%emt 0:
00:00] Now White is beyond hope.} (34. cxb6 $2 Nf4 35. Qb3 cxb6 $17) (34. Nb3
$1 $11 {and White stays safe.} Qb1 35. Nd2) 34... hxg3 $19 35.
fxg3 b5 36. Qd3 {[%emt 0:03:30] [#]} (36.
cxd6 {was called for.} cxd6 37. Nb3) 36... N7f6 $1 37. c6 Qb2 38. Qxb5 $2 (38. Qb3 Qd4
39. Bc2) 38... Qc3 {[%emt 0:02:36] ( -> ...Nxe4)} 39. Bf3 {[%emt 0:01:40] [#]}
(39. Qe2 Nxg3 40. Qf3 Ngxe4 41. Qxc3 Nxc3 42. Bb3) 39... Nxe4 $1 40. Bxe4 Qc1+ 41. Ke2 Nxg3+ 42. Kf2 Qxd2+ 43. Kxg3 Qf4+ 44. Kg2 Qxe4+ 45. Kf2 Qc2+ (45... Qf4+ $142 46. Kg2
e4) 46. Ke1 (46. Qe2 $142 Qb3 47. b5) 46... e4 47. Kf1 Qd1+ {[%emt 0:00:00] Weighted Error Value: White=0.
55/Black=0.13 (very precise)} 0-1

[Event "44th Chess Olympiad Open 2022"]
[Site "Chennai"]
[Date "2022.08.07"]
[Round "9.18"]
[White "Taher, Yoseph Theolifus"]
[Black "Hammer, Jon Ludvig"]
[Result "1/2-1/2"]
[WhiteElo "2463"]
[BlackElo "2638"]
[Annotator "TA"]
[PlyCount "61"]
[EventDate "2022.??.??"]
[TimeControl "60"]

1. e4 e5 2. Nf3 Nc6 3. Bb5 Nf6 4.
O-O Nxe4 5. d4 Nd6 6. Bxc6 dxc6 7. dxe5 Nf5 8. Qxd8+ Kxd8 9. Rd1+ Ke8 10. Nc3 Ne7 11. h3 h6 12. b3 Ng6 13. Bb2 {[%emt 0:02:55] C67:
Ruy Lopez: Berlin Defence: 4 0-0 Nxe4.} Nf4 14. Rd4 Ne6 15. Rd2 {[%emt 0:00:07] The position is equal.}
Bb4 16. Rad1 c5 {[%emt 0:00:48] [#]} 17. a3
$146 (17. Nh4 {is more complex.} b6 18. f4 g5 19. fxg5 hxg5
20. Nf5) ({Predecessor:} 17. Nh2 b6 18. f4 Bb7 19. Rf2 c4 20. f5 Ng5 21. Nb5
Rc8 22. Nxa7 Rd8 23. Rxd8+ Kxd8 {0-1 (42) Xiong,J (2376) -Friedel,J (2485)
Wheeling 2013}) 17... Bxc3 18. Bxc3 b6 19. Nh4 Bb7 20. f4 (20. Nf5 $11) 20... Nxf4 $15 21. e6 Nxe6 22. Nf5 {[%emt 0:00:24] [#]} Rg8 (22...
Rh7 $1 $17 23. Rf2 Be4) 23. Rd7 Bc6 24. Re7+ Kf8 {[%emt 0:03:19] Threatens to win with ...Re8.} 25. Be5 $1 g6 {[%emt 0:22:31] [#]} 26. Rxe6 $1 fxe6 27. Nxh6 {[%emt 0:00:03] aiming for Rf1+.} Ke7 {[%emt 0:00:23]
...Rgd8 is the strong threat.} 28. Nxg8+ Rxg8 29. Bxc7 Rh8 (29... Rc8 $5 30.
Be5 c4 $11) 30. Bd6+ Ke8 31. Bb8 {[%emt 0:00:
37] Weighted Error Value: White=0.14 (very precise) / Black=0.12 (very precise)
} 1/2-1/2

[Event "44th Chess Olympiad Open 2022"]
[Site "Chennai"]
[Date "2022.08.07"]
[Round "9.19"]
[White "Wojtaszek, Radoslaw"]
[Black "Amartuvshin, Ganzorig"]
[Result "1/2-1/2"]
[WhiteElo "2708"]
[BlackElo "2409"]
[Annotator "TA"]
[PlyCount "77"]
[EventDate "2022.??.??"]
[TimeControl "60"]

1. d4 Nf6 2. c4 e6 3. Nf3 Bb4+ 4. Bd2 Qe7 5. g3 Nc6 6. Nc3 Bxc3 7. Bxc3 Ne4 8. Rc1 Nxc3 9. Rxc3 d6 10. d5 Nd8 11.
Bg2 O-O 12. Qc2 c6 {[%emt 0:
00:00] E11: Bogo-Indian.} 13. dxc6 {[%emt 0:01:42] [#]} bxc6 $146 ({Predecessor:} 13... Nxc6 14. O-O e5 15. e3 Be6 16. Rd1 Rac8 17. Ne1 Bg4
18. Rc1 g6 19. a3 Bf5 20. Qd1 {½-½ (51) Lautier,J (2687)-Chabanon,J (2483)
France 2002}) 14. O-O e5 {[%emt 0:02:31] White is slightly
better.} 15. Rd1 a5 16. Re3 f6 17. Nd4 Ra6 18. Nf5 Bxf5 19. Qxf5 g6 20. Qd3 c5 $1 21. Qd2 f5 22. Bd5+ Kg7 23. f4 {[%emt 0:01:30] White is more active.} Qf6 24. Rb3 a4 25. Rb5 Re8 26. e3 exf4 27. exf4 Ra7 28. Rb6 Rae7 29. Qc3 Qxc3 30. bxc3 Re2 31. a3 Ra2 (31... R8e7 $11) 32. Rxd6 $14 Rxa3 33.
Bg2 (33. Kf1 $1 $14 {might be stronger.}) 33... Nf7 $11 {
[%emt 0:01:21] The position is equal.} 34. Rd7 {[%emt 0:00:01] [#] aiming for
Bd5.} Kf8 ({But not} 34... Rxc3 35. Bd5 Rf8 36. Re1 $16) 35.
Ra7 {[%emt 0:04:13] And now Rdd7 would win.} Re7 36. Ra8+ Re8 {[%emt 0:00:46] Strongly threatening ...Rxa8.} 37. Ra7 {
[%emt 0:01:54] Rdd7 is the strong threat.} Re7 38. Ra8+ Re8 {[%emt 0:00:14] [#] Hoping for ...Rxa8.} 39. Ra7 {[%emt 0:
04:13] Weighted Error Value: White=0.10 (very precise) /Black=0.11 (very
precise)} 1/2-1/2

[Event "44th Chess Olympiad Open 2022"]
[Site "Chennai"]
[Date "2022.08.07"]
[Round "9.19"]
[White "Moranda, Wojciech"]
[Black "Bilguun, Sumiya"]
[Result "1/2-1/2"]
[WhiteElo "2636"]
[BlackElo "2463"]
[Annotator "TA"]
[PlyCount "72"]
[EventDate "2022.??.??"]
[TimeControl "60"]

1. e4 c5 2. Nf3 d6 3. d4 cxd4 4. Nxd4 Nf6 5. Nc3 a6 6. Bd3 g6 7. f3 Bg7 8. Be3 h5 {
[%emt 0:00:25] B72: Sicilian Dragon: 6 Be3, lines with h3+Bc4 and sidelines.}
9. Qd2 Nbd7 10. O-O {[%emt 0:07:16] [#]} h4 $146 {[%emt 0:04:38] White is slightly
better.} ({Predecessor:} 10... b5 11. a4 b4 12. Nd5 Nxd5 13. exd5 Qc7 14. Qxb4
Rb8 15. Qc3 Qb7 16. b3 Qxd5 {0-1 (23) Livaic,L (2507)-Bortnyk,O (2598) Chess.
com INT 2021}) 11. a4 {[%emt 0:12:05] White is more active.} Ne5 12. Be2 Bd7 13. Nd5 (
13. h3 $14 {was preferrable.}) 13... Rc8 (13... h3 $11 {
keeps the balance.}) 14. b3 $16 e6 15. Nxf6+ Bxf6 16. f4 (16. Rad1 $16)
16... Nc6 $14 17. Rad1 Qa5 18. Nf3 Qxd2 19. Rxd2 Nb4 20. Bd1 d5 21. exd5 (21. Ne5 $1 $14) 21... Nxd5 $11 (21... Bc3 {feels
hotter.} 22. Bd4 Bxd2 23. Nxd2 O-O) 22. Bd4 Bxd4+ 23. Nxd4 b5 {[%emt 0:06:54] Inhibits c4.} 24. a5 Ne3 (24... Ke7 {is interesting.} 25. f5 exf5
26. Nxb5 Rc5) 25. Re1 Nxd1 26. Rexd1 b4 27. Ne2 Bc6 28. Rd4 Bb5 29. R1d2 Rh5 30. Rxb4 (30. g4 {with more complications.} hxg3 31. Nxg3 Rd5 32. Rxd5 exd5 33. f5)
30... Bxe2 31. Rxe2 Rxa5 {[%emt 0:00:15]
KRR-KRR} 32. f5 Rxf5 33. Rxh4 Rc3 34. Rh8+ {[%emt 0:01:01] The position is equal.} Ke7 35. Ra8 Rfc5 36. Ra7+ Rc7 {[%emt 0:01:49] Weighted Error Value: White=0.11 (very
precise) /Black=0.09 (flawless)} 1/2-1/2

[Event "44th Chess Olympiad Open 2022"]
[Site "Chennai"]
[Date "2022.08.07"]
[Round "9.19"]
[White "Gundavaa, Bayarsaikhan"]
[Black "Piorun, Kacper"]
[Result "0-1"]
[WhiteElo "2503"]
[BlackElo "2636"]
[Annotator "TA"]
[PlyCount "104"]
[EventDate "2022.??.??"]
[TimeControl "60"]

1. d4 f5 2. Nc3 Nf6 3. Bg5 d5 4. e3 e6 5. Nf3 Nbd7 6. Bd3 {[%emt 0:
00:00] A80: Dutch Defence: Unusual White second moves.} c5 7.
dxc5 Nxc5 8. O-O {[%emt 0:00:54] The
position is equal.} a6 {[%emt 0:03:48] Prevents Bb5+.} 9. Ne2 Bd6 10. Bf4 {[%emt 0:12:10] Against e5} b5 {[%emt 0:01:13] [#]
Against c4} 11. Ned4 $146 ({Predecessor:} 11. c3 Qc7 12. Bxd6
Qxd6 13. Bc2 Bd7 14. Qd4 O-O 15. Ne5 Be8 16. c4 bxc4 17. Nxc4 {1-0 (45) Markus,
R (2595)-Urriza Iricibar,P (2315) Benasque 2019}) 11... O-O 12. c3 (12. Be2 $11) 12... Qc7 $15 13. Bxd6 Qxd6 14. Bc2 Bd7 15. Nb3 Na4 $1 16. Rb1 e5 {[%emt 0:06:14] Prevents Qd4.} 17. Nh4 g6 18. Kh1 Nb6 19. Na5 Rae8 20. f3 e4 21. g3 exf3 22. Rxf3 Qc7 {[%emt 0:00:46] ...
Nc4 is the strong threat.} 23. Qd4 Nc4 24.
Nb3 Bc6 {[%emt 0:07:30][%cal Yc4e3] Hoping for ...Nxe3!} 25.
Kg1 (25. Ng2 $17) 25... Ng4 26.
Ng2 Ba8 {[%emt 0:07:18] 0x0.001681624fa2dp-1022s more active
pieces. The white rooks are badly placed.} 27. Nc5 Rf6 28. b4 Rd6 {[%emt 0:01:57][%cal
Ye8e4] Threatens to win with ...Re4!} 29. Re1 {[%emt 0:02:20] [#]} (29. Rf4 $15
) 29... Re4 $1 $17 30. Qd1 {[%emt 0:01:13] [#]} Qg7 (30... a5 $1 $17 {[%cal Yc4e5] aiming for ...Nce5!} 31. h3 (31. a4 Nce5
) 31... Nf6) 31. h3 Nh6 32. Bb3 {[%emt 0:01:05] [#]} ({Don't go for} 32. Nxe4 $2 dxe4 33.
Rf2 Rxd1 $19) 32... Nf7 $1 33. Qc1 (33. Rff1 $15) (33. Rf2 Re8) 33... Ng5 $1 $19 34. Rff1 Re7 $2 (34... Nxh3+ $19 35. Kh2 {[#]
} Qh6 $1 36. Nxe4 Ng5+ 37. Kg1 Nxe4) 35. h4 $17 Ne4 36. Nxe4 dxe4 37. Rd1 Rd3 38. Qa3 Bb7 ({Don't do
} 38... Qxc3 39. Qxa6 Bd5 40. Qxb5 Nxe3 41. Rxd3 Qxd3 42. Qxd3 exd3 43. Nxe3
Bxb3 44. Nxf5 gxf5 45. axb3 $11) 39. Bxc4+ bxc4 40. Rc1 Qe5 41. Rf4 (
41. Kh2 $17) 41... Red7 $36 {[%emt 0:04:45][%cal Ye7d7,Yd7d2,Yd2e2] Keeping
White busy.} 42. Rc2 (42. Rcf1 $142) 42... h6 43. Kh2 $2 (43. Qa5 Qd6 44. Kh2) 43... g5 $19 44. Rf1 gxh4 45. Nxh4 Rxe3 46. Rg2 Rd2 47. Rf4 (47. Qa5 $19 Rxg2+ 48. Nxg2 Qxa5 49. bxa5 Rxc3 50. Rb1) 47... Ree2 48. Rxe2 Rxe2+ 49. Kh3 e3 (49... Re1 $142 50. Qb2 Rh1+ 51. Qh2 Rxh2+
52. Kxh2 e3 53. Rxf5 Qxc3 54. Rf4 e2 55. Rg4+ Kh7 56. Ng6 e1=Q 57. Nf8+ Kh8 58.
Ng6+ Kg7 59. Nf4+ Kh7 60. Rg7+ Qxg7 61. g4 Qxg4 62. Nh3 Qh1#) 50. Qc1 Rd2 51. Rd4 Rxd4 52.
cxd4 Qd5 {[%emt 0:00:05] Weighted Error Value: White=0.72/
Black=0.26 (precise)} 0-1

[Event "44th Chess Olympiad Open 2022"]
[Site "Chennai"]
[Date "2022.08.07"]
[Round "9.19"]
[White "Gan-Erdene, Sugar"]
[Black "Bartel, Mateusz"]
[Result "0-1"]
[WhiteElo "2428"]
[BlackElo "2597"]
[Annotator "TA"]
[PlyCount "92"]
[EventDate "2022.??.??"]
[TimeControl "60"]

1. d4 d5 2.
c4 dxc4 3. e3 e5 4. Bxc4 Nc6 5. Nf3 e4 6. Nfd2 {[%emt 0:02:20] D20: Queen's Gambit Accepted: 3 e3
and 3 e4.} Qg5 7. g3 Qg6 $5 {[%emt 0:01:32]
A promising side line.} 8. Nc3 {[%emt 0:02:07] The position is equal.} Nf6 9. a3 Bd6 10. Nd5 Ng4 {[%emt 0:12:01] [#]} 11. Be2 $146 ({Predecessor:} 
11. b4 h5 12. Nf4 Bxf4 13. gxf4 Bd7 14. Bb2 O-O-O 15. Qb3 h4 16. Bxf7 Qf5 17.
h3 Nf6 18. O-O-O a5 19. Rhg1 Qb5 20. Bc4 Qb6 21. d5 {1-0 (21) Arnaudov,P (2474)
-Bredl,H (2347) Germany 2017}) 11... h5 {[%emt 0:08:13][%cal Yh7h5,Yh5h4]
Threatening ...h4.} 12. Nc4 h4 13. Nxd6+ Qxd6 14. Bxg4 Qxd5 15. Bxc8 Rxc8 16. Qg4 Rd8 17. Qxg7 Kd7 18. Qf6 {[%emt 0:02:59] Prevents Qf5.} Kc8 19.
Bd2 (19. gxh4 $2 Rh5 20. Rg1 Ne5 $1 21. Qxd8+ Kxd8 22. dxe5
Qxe5 $19) 19... Rh5 {[%emt 0:06:52] ... hxg3 is the strong threat.} 20. Bc3 (20. gxh4 $2 Rf5 21. Qg7 Ne5 $1 $19) 20... Rg8 21. O-O-O (21. gxh4 $2 Rg6 22. Qf4 Rf5 $19) 21... Rf5 22. Qxh4 b5 (22... Rh5 $1 $11
23. Qf4 Rf5) 23. Qh3 $14 {[%emt 0:01:54] aiming for Kb1.} Kb7 24. Rd2 ({White should play} 24. Qf1 $14) 24... a5 $2 {
[%emt 0:00:06] [#]} (24... b4 $11 {and Black is okay.} 25. axb4 (25. Bxb4 Nxb4
26. axb4 Rg6 $11) 25... a5) 25. Rc2 $1 $18 b4 (25... Rgg5 $142) 26. Be1 {[%emt 0:01:02] Black must now prevent Rc5.} Rgg5 {
[%emt 0:05:03] Hoping for ... Qa2.} 27. Qf1 Qd6 28. a4 Rd5 29. Qc4 ({White should try} 29. Bd2 $18) 29... Ne5 30. Qb3 {[%emt 0:00:54] Threatens to win with Bxb4.} c5 {[%emt 0:
01:09] Strongly threatening ...c4.} 31. Kb1 cxd4 (31... c4 $1 $14 32. Rxc4 Nxc4 33. Qxc4 Rg8) 32. Bd2 $2 {[%emt 0:00:23]
This costs White the game.} (32. exd4 $16 {is forced if you want to stay
better.} Nc6 33. Bd2 (33. Qc4 Rxd4 34. Qxf7+ Kb6 $17) 33... Nxd4 34. Qc4 Nxc2
35. Bxg5) 32... d3 $19 33. Rcc1 Rf5 ({And not} 33... Nf3 34. Rhd1 $17) 34. f4 Nf3 35. Rhd1 (35. Rcd1 $142 Qc5 36. g4) 35... Rc5 36. g4 (36. Rxc5 $142 Qxc5 37. g4) 36... Qd5
{[%emt 0:04:58] Black is clearly winning.} 37. Qxd5+ Rfxd5 38. b3 Nxh2 39. g5 Nf3 40. Rxc5 Rxc5 {[%emt 0:00:05] Endgame KRB-KRN} 41. Bc1 Kc6 42. Rh1 d2 43. Bxd2 Nxd2+ 44. Kb2 Rc3 45. f5 Rxe3 (45... Rxb3+ $142 46. Kc2 Rd3 47. Rh6+
Kd5) 46. Rg1 Re2 {[%emt 0:03:09] Weighted Error Value:
White=0.80/Black=0.30} 0-1

[Event "44th Chess Olympiad Open 2022"]
[Site "Chennai"]
[Date "2022.08.07"]
[Round "9.20"]
[White "Sethuraman, S.P..."]
[Black "Delgado Ramirez, Neuris"]
[Result "1-0"]
[WhiteElo "2623"]
[BlackElo "2614"]
[Annotator "TA"]
[PlyCount "133"]
[EventDate "2022.??.??"]
[TimeControl "60"]

1. e4 c5 2. Nf3 Nc6 3. d4 cxd4 4. Nxd4 e5 5. Nb5 d6 6. c4 Nf6 {[%emt 0:00:00]
6...Be6 is a critical line. B32: Sicilian: Löwenthal and Kalashnikov
Variations.} 7. N1c3 a6 8. Na3 g6 {[%emt 0:00:14] White has an edge.} 9. Nc2 Bg7 10. Bd3 Be6 11. O-O Rc8 {[%emt 0:04:54] [#]} 12. b3 $146 ({Predecessor:} 
12. Bg5 O-O 13. Qd2 Qb6 14. b3 Nd7 15. Ne3 Qa5 16. Ned5 Bxd5 17. Nxd5 Qxd2 18.
Bxd2 {0-1 (72) Godzwon,I (2321)-Swiercz,D (2664) Chess.com INT 2022}) 12... Nd7 13. Be3 Nd4 14. Ne2 Nc6 15. Qd2 Nc5 16. Nc3 f5 17. exf5 gxf5 18. Bh6 Rg8 19. Bxg7 Rxg7 20. f4 exf4 $2 ({Much less strong is} 20... Nxd3 21. Qxd3 e4 22. Qh3 $14) (20... d5 $1
$11 21. Rad1 d4) 21. Be2 (21. Rxf4 $142 Qg5 22. Bf1 (22. Bxf5
Bxf5 23. h4 Qxg2+ 24. Qxg2 Rxg2+ 25. Kxg2 Bxc2 $17)) 21... Ne5 22. Nd4 {[%emt 0:03:44] Black must now prevent b4.} Qg5 23. Bf3 Bd7 (
23... Kf7 $142) 24. Bd5 f3 25. Qxg5 {[%emt 0:
00:00] The board is on fire.} Rxg5 26. Nxf3 Nxf3+ 27. Rxf3 b5 28. Re1+ Kd8 29. Rd1 {[%emt 0:06:32] White is more
active.} Kc7 30. Re3 {[%emt 0:03:23] Strongly threatening Re7.
} Re8 {[%emt 0:01:27] Prevents Re7.} 31. Rxe8 Bxe8 32. cxb5 axb5 33. Bf3 Bc6 34. Nd5+ $1 Kb7 35.
Kf2 Nd7 (35... Rg8 $16) 36. h4 $1 $18 Rg7 (36... Rg6 {was worth a try.} 37. Ne7 Bxf3
38. gxf3 Rf6) 37. Ne3 $1 Bxf3 38. gxf3 {[%emt 0:02:57] Endgame KRN-KRN} Kc7 39. Nxf5 Rg6 40. Rc1+ Kb7 41. Rd1 Kc7 42. Rd5 b4 43. Rd4 Ne5 44. Ne7 Rg7 45. Nd5+ Kc6 46. Nxb4+ Kc5 47. Re4 (
47. Nc2 $142) 47... Rf7 {[%emt 0:00:00] [#]} 48. f4 (48. Ke2
$1 $18) 48... d5 $16 49. Na6+ Kd6 50. Ra4 Ng6 51. Kg3 Ne7 (51... h5 $16 52. Rb4 Kc6 53. Nb8+ Kc5 54. Na6+ Kc6) 52.
Nb4 Rg7+ 53. Kf2 Rg4 54. Nd3 {[%emt 0:00:00] aiming for Ra6+.} Rxh4 55. Ra6+ Kc7 56. b4 Nf5 57. b5 {[%emt 0:00:00] And now Rf6 would win.} Rh2+ 58. Kf1 Nd4 $2 (58... Ne3+ $16 59.
Ke1 d4) 59. a4 $18 Rd2 60. Ne5 (60. Nc5 $142) 60... Ra2 61. Nc6 Nf3 {
[%emt 0:00:00] [#]} (61... Nxc6 $16 62. Rxc6+ Kb7) 62. Nb4 ({
Better is} 62. a5 $1 $18) 62... Rd2 $2 ({Black should play} 
62... Nh2+ $14 63. Ke1 Nf3+ 64. Kf1 Nh2+ 65. Ke1 Nf3+ 66. Kd1 Rd2+ 67. Kc1 Rd4)
63. Rc6+ Kb7 64. Rc3 Nd4 (64... Rd4 {might work better.}) 65. Nxd5 Nxb5
$2 (65... h5 66. Rc7+ Kb8) 66. Rb3 ({Less
strong is} 66. axb5 Rxd5 67. Kg2 Rxb5 $16) 66... Rxd5 67.
Rxb5+ {[%emt 0:00:10] Weighted Error Value: White=0.17 (very precise) /Black=0.
23 (precise)} 1-0

[Event "44th Chess Olympiad Open 2022"]
[Site "Chennai"]
[Date "2022.08.07"]
[Round "9.20"]
[White "Puranik, Abhimanyu"]
[Black "Zacarias, M Ruben D"]
[Result "1-0"]
[WhiteElo "2612"]
[BlackElo "2175"]
[Annotator "TA"]
[PlyCount "73"]
[EventDate "2022.??.??"]
[TimeControl "60"]

1. d4 Nf6 2. Nf3 g6 3. Nbd2 c5 4. dxc5 Na6 5. e4 Nxc5 6. e5 {[%emt 0:00:05] A48:1 d4 Nf6 2 Nf3
g6: Torre, London and Colle Systems.} Nd5 7. Nc4 Nb6 8. Be3 {[%emt 0:01:41] White is better.} Nxc4 9. Bxc4 {[%emt 0:01:00] [#]} Ne6 $146 ({
Predecessor:} 9... Qc7 10. Ng5 Ne6 11. Bxe6 dxe6 12. Qf3 f6 13. exf6 exf6 14.
Qxf6 Bg7 15. Qf3 Bxb2 {1-0 (41) Chatalbashev,B (2552)-Weber,T (2380)
Baden-Baden 2013}) 10. Qd3 {[%emt 0:13:25] White is much more active. The
black rooks are badly placed.} Qa5+ 11. Bd2 Qc7 12. O-O-O Bg7 13. h4 h5 14. Qe4 (14. Rhe1 $16)
14... Rb8 $14 15. Kb1 b5 16.
Bd5 Bb7 17. Be3 a5 18. Rd2 Bxd5 19. Rxd5 Qc6 20. Qd3 (20. Rhd1 $5 )
20... O-O (20... a4 $11) 21. Rxd7 {[%emt 0:04:58] White
leaves nothing to chance now.} Rfd8 22. Rd1 Rxd7 23. Qxd7 Qe4 24. Qxe7 Rc8 25. Rc1 Bxe5 26. Nxe5 Qxe5 {[%emt 0:00:04] [#]} 27.
Qb7 $1 {[%emt 0:00:11] Prevents Qd5.} Rb8 28. Qc6 b4 29. Rd1 {[%emt 0:00:40] Prevents Nd4.} Qf5 (29... Ng7 $16 {might work better.}) 30. b3 Qg4 (30... Kg7 $142 31. Rd7 Qe5) 31. Rd7 $18 Qxh4 32. Qf3 Rf8 (32... f5 $142
33. Rd6 Qh1+ 34. Kb2 Qe1) 33. Bh6 Nd4 {[%emt 0:00:32] [#]} 34.
Qd5 $1 Ne2 (34... Qh1+ $2 35. Kb2 Qe1 36.
Qxd4 $18) (34... Qxf2 $18 35. Qxd4 Qxd4 36. Rxd4 Re8) 35. Qe5 {[%emt 0:00:34]
[%csl Gh6][%cal Re5g7] White mates.} Nc3+ 36. Kb2 f6 37. Qe6+ {[%emt 0:00:04]
Weighted Error Value: White=0.06 (flawless) /Black=0.40} 1-0